 Dungeon Crawl Stone Soup version 0.28-a0-32-g8dfe7f97f6 (webtiles) character file.

Game seed: 15977082792093053042

126 Drazool the Ducker (level 5, -5/40 HPs)
             Began as a Djinni Gladiator on July 28, 2021.
             Slain by a river rat (7 damage)
             ... in a sewer.
             The game lasted 00:08:06 (2841 turns).

Drazool the Ducker (Djinni Gladiator)               Turns: 2841, Time: 00:08:06

Health: -5/40      AC:  5    Str: 13    XL:     5   Next: 32%
Gold:   1131       EV: 13    Int: 11    God:
                   SH:  0    Dex: 17

rFire   + + .      SeeInvis .   a - +0 quarterstaff
rCold   x . .      Faith    .   (shield currently unavailable)
rNeg    . . .      Spirit   .   b - +0 leather armour
rPois   ∞          Reflect  .   c - +0 helmet
rElec   .          Harm     .   (no cloak)
rCorr   +          Rampage  .   k - +0 pair of gloves {Dex+3}
Will    .....                   (boots unavailable)
Stlth   +.........              (no amulet)
HPRegen 0.13/turn               R - ring of resist corrosion
MPRegen 0.00/turn               (no ring)

@: flying
A: sickness immunity, fire resistance 2, cold vulnerability 1, float, innate
caster, hp casting, extra vitality 1
a: no special abilities


You were in a sewer.
You visited 1 branch of the dungeon, and saw 3 of its levels.
You also visited: Sewer.

You collected 1257 gold pieces.
You spent 126 gold pieces at shops.


Innate Abilities, Weirdness & Mutations

You are immune to sickness and miasma.
You are immune to poison.
Your flesh is very heat resistant. (rF++)
You are vulnerable to cold. (rC-)
You float through the air rather than walking.
You learn spells naturally, not from books.
Your magical power is your life essence.
You have superior vitality. (+4 HP)


   Skills:
 - Level 3.2 Fighting
 - Level 3.2 Staves
 - Level 2.2 Throwing
 - Level 1.4 Armour
 - Level 4.0 Dodging
 + Level 0.0 Spellcasting


You had one spell level left.
You knew the following spells:

 Your Spells              Type           Power      Damage    Failure   Level
a - Animate Skeleton      Necr           0%         N/A       41%         1
t - Static Discharge      Conj/Air       0%         N/A       56%         2
Your spell library was empty.

Inventory:

Hand Weapons
 a - a +0 quarterstaff (weapon)
Missiles
 d - 3 throwing nets (quivered) {=f}
Armour
 b - a +0 leather armour (worn)
 c - a +0 helmet (worn)
 k - a +0 pair of gloves of dexterity (worn)
Jewellery
 R - a ring of resist corrosion (left hand)
Scrolls
 i - a scroll of teleportation {@r4}

Dungeon Overview and Level Annotations

Branches:
Dungeon (3/15)              Sewer (1/1)

Altars:
Vehumet

Shops:
D:2

* ▒▒▒▒▒▒▒▒▒▒▒▒▒▒▒▒▒▒#▒▒
▒▒...#≈≈≈≈≈≈≈≈≈≈≈≈≈≈≈#.
▒.....≈≈≈≈≈≈≈.≈≈≈≈≈≈≈..
#..∩..≈≈≈≈≈#≈≈≈≈≈≈≈≈≈..
▒..∩rr≈≈≈≈≈≈≈≈≈≈≈≈≈≈≈..
▒...r.@≈≈≈≈≈≈≈r.≈≈≈≈≈..
▒▒...#≈≈≈≈≈≈≈≈≈≈≈≈≈≈≈#.
▒▒▒▒▒▒#▒▒▒▒▒#▒▒#▒▒▒▒▒


You could see 2 river rats and a rat.


Message History

The river rat misses you. The river rat bites you.
* * * LOW HITPOINT WARNING * * *
Unknown command.
It was a potion of ambrosia.
You are confused.
You feel invigorated. The river rat bites you.
* * * LOW HITPOINT WARNING * * *
You sock the river rat!
The river rat is severely wounded.
The river rat closely misses you. The river rat barely misses you.
The river rat barely misses you.
You feel less invigorated.
You feel less confused.
You closely miss the river rat.
The river rat is moderately wounded.
The river rat bites you but does no damage.
The river rat bites you.
* * * LOW HITPOINT WARNING * * *
Unknown command.
You barely miss the river rat.
The river rat is severely wounded.
The river rat bites you.
* * * LOW HITPOINT WARNING * * *
The river rat bites you!
* * * LOW HITPOINT WARNING * * *
The river rat bites you.
* * * LOW HITPOINT WARNING * * *
There is an empty arch of ancient stone here.
The river rat bites you!
You die...

Skill      XL: |  1  2  3  4  5 |
---------------+----------------+-----
Staves         | 3 |  3.2
Throwing       | 2 |  2.2
Dodging        | 4 |  4.0
Fighting       | 3 |  3.2
Armour         | 1 |  1.4

Action                   |  1- 3 |  4- 6 || total
-------------------------+-------+-------++-------
Melee: Quarterstaff      |    61 |   133 ||   194
 Cast: Animate Skeleton  |     1 |       ||     1
  Use: Scroll            |       |     4 ||     4
       Potion            |       |     2 ||     2
 Stab: Sleeping          |     1 |       ||     1
Armor: Leather armour    |    13 |    27 ||    40
Dodge: Dodged            |    40 |   105 ||   145

Levels and vault maps discovered:
D:1:      shiori_arrival_maze, layout_basic, minmay_misc_feat_roman
D:2:      cheibrodos_greedy_goblins, layout_loops_ring, basic_altar,
          serial_shops, nicolae_square_shop, minmay_surrounded
D:3:      layout_basic, serial_shops, nicolae_shop_crystal,
          gup_sewer_entry_glass, st_stairs_6, minmay_divided_ellipse
Sewer:    sewer_minmay_w

Notes
Turn   | Place    | Note
-------+----------+-------------------------------------------
     0 | D:1      | Drazool the Djinni Gladiator began the quest for the Orb.
     0 | D:1      | Reached XP level 1. HP: 18/18 MP: 0/0
   227 | D:1      | HP: 1/18 [dart slug/slug dart (4)]
   654 | D:1      | Reached XP level 2. HP: 23/23 MP: 0/0
  1116 | D:2      | Reached XP level 3. HP: 26/29 MP: 0/0
  1116 | D:2      | Learned a level 1 spell: Animate Skeleton
  1121 | D:2      | Reached skill level 3 in Staves
  1202 | D:2      | Reached skill level 2 in Throwing
  1216 | D:2      | Reached XP level 4. HP: 11/34 MP: 0/0
  1850 | D:2      | Reached skill level 4 in Dodging
  2015 | D:2      | Found Iceavuh's General Store.
  2278 | D:2      | Bought a +0 pair of gloves of dexterity for 126 gold pieces
  2323 | D:3      | Identified a scroll of acquirement
  2323 | D:3      | Acquired 1085 gold pieces
  2440 | D:3      | Reached skill level 3 in Fighting
  2440 | D:3      | Reached XP level 5. HP: 32/40 MP: 0/0
  2440 | D:3      | Learned a level 2 spell: Static Discharge
  2591 | D:3      | Reached skill level 1 in Armour
  2755 | D:3      | Found a glowing drain.
  2778 | Sewer    | Entered a sewer
  2837 | Sewer    | HP: 2/40 [river rat (8)]
  2841 | Sewer    | Slain by a river rat

Vanquished Creatures
  7 adders
  2 worms
  2 dart slugs
  An orc (D:3)
  2 ball pythons (D:2)
  2 bats
  6 endoplasms
  5 giant cockroaches
  7 goblins
  4 hobgoblins
  A jackal (D:2)
  A quokka (D:3)
  3 frilled lizards
  4 kobolds
  5 rats
52 creatures vanquished.

Table legend: (Time is in decaauts)
 A = Elapsed time spent in this place.
 B = Non-inter-level travel time spent in this place.
 C = Inter-level travel time spent in this place.
 D = Time resting spent in this place.
 E = Time spent auto-exploring this place.
 F = Levels seen in this place.
 G = Mean time per level.
                   A        B        C        D        E       F      G
               +--------+--------+--------+--------+--------+-----+--------+
         Total |   2869 |   2768 |    101 |    676 |   1405 |   4 |  717.2 |
       Dungeon |   2804 |   2703 |    101 |    676 |   1385 |   3 |  934.7 |
         Sewer |     65 |     65 |      0 |      0 |     20 |   1 |   65.0 |
               +--------+--------+--------+--------+--------+-----+--------+

Top non-repeatable levels by time:
     D:1: 1250 daAuts
     D:2: 1087 daAuts
     D:3: 466 daAuts
   Sewer: 65 daAuts

Table legend:
 A = Non-vault XP
 B = Vault XP
 C = Vault XP percentage of total XP
 D = Non-vault monster count
 E = Vault monster count
 F = Vault count percentage of total count
                 A         B        C        D         E       F
            +---------+---------+-------+---------+---------+-------
      Total |     121 |      60 |  33.1 |      38 |      14 |  26.9
            +---------+---------+-------+---------+---------+-------
        D:1 |      17 |       3 |  15.0 |       9 |       2 |  18.2
        D:2 |      77 |      27 |  26.0 |      22 |       8 |  26.7
        D:3 |      27 |      30 |  52.6 |       7 |       4 |  36.4
            +---------+---------+-------+---------+---------+-------
